AoeStats
← Ibrahomovic

MegaRandom

509186950Analyzed
3v3 RM · 7d ago on Sep 25, 2026· 77m 49s· 6 players
Game mode
Random Map
Map size
Normal (6 player)
Population
200
Speed
Normal
Resources
Standard
Victory
Conquest
Starting age
Dark Age
Ending age
Imperial Age
RankedLock teamsTeams togetherTeam positionsShared explorationLock speedFull tech treeHidden civsTurbo modeCheats
Victory
Defeat
🇸🇪 Persians · Sweden
1325
+12
🇸🇪 Saxons · Sweden
1293
+13
🇸🇪 Malians · Sweden
1270
+14
🇺🇸 Ethiopians · United States
1253
-13
🇺🇸 Varangians · United States
1222
-13
🇺🇸 Danes · United States
1221
-13
Turtletamer11
11:05 Feudal Age
10:58 Loom
15:41 Castle Age
14:55 Horse Collar
15:02 Double-Bit Axe
19:25 Bow Saw
22:04 Heavy Plow
28:15 Coinage
28:30 Wheelbarrow
31:45 Imperial Age
29:38 Forging
30:36 Squires
30:21 Arson
30:22 Gambesons
30:54 Hand Cart
32:31 Iron Casting
31:57 Scale Mail Armor
31:27 Hamask
33:15 Banking
32:55 Elite Jomsviking
33:38 Stone Mining
34:32 Conscription
34:33 Chain Mail Armor
35:19 Blast Furnace
36:20 Plate Mail Armor
37:02 Chemistry
37:32 Ballistics
37:25 Clinker Construction
40:55 Masonry
41:20 Hoardings
42:13 Siege Engineers
43:35 Northmen's Fury
45:12 Man-at-Arms
46:02 Long Swordsman
47:22 Two-Handed Swordsman
47:26 Pikeman
48:00 Champion
48:59 Halberdier
55:25 Caravan
56:22 Onager
58:53 Siege Onager
68:02 Elite Varangian Guard
king_espo
0:34 Loom
9:11 Feudal Age
11:11 Bloodlines
15:50 Forging
20:57 Castle Age
19:15 Horse Collar
20:38 Stone Mining
21:59 Double-Bit Axe
22:15 Light Cavalry
22:58 Husbandry
28:27 Wheelbarrow
30:03 Hand Cart
29:34 Town Watch
30:27 Fletching
30:44 Scale Barding Armor
33:10 Iron Casting
32:31 Bodkin Arrow
32:57 Chain Barding Armor
36:27 Imperial Age
33:58 Gold Mining
34:43 Stone Shaft Mining
34:51 Stone Shaft Mining
35:44 Ballistics
35:47 Town Patrol
37:07 Scale Mail Armor
36:34 Elite Jarl
38:08 Squires
37:54 Arson
39:13 Blast Furnace
38:28 Chain Mail Armor
38:53 Chain Mail Armor
38:40 Bracer
39:22 Plate Barding Armor
42:52 Coinage
41:49 Elite Varangian Guard
42:24 Gambesons
43:23 Plate Mail Armor
44:07 Conscription
45:23 Chemistry
44:40 Siege Engineers
45:15 Gothikon
49:37 Pikeman
50:11 Halberdier
54:15 Fortified Wall
60:23 Murder Holes
60:39 Masonry
61:40 Caravan
66:31 Hussar
68:49 Architecture
68:03 Treadmill Crane
68:54 Architecture
70:50 Banking
72:22 Cavalier
72:28 Vendel Legacy
Yoking
0:32 Loom
11:11 Feudal Age
11:49 Double-Bit Axe
13:10 Wheelbarrow
13:54 Fletching
15:58 Town Watch
18:41 Castle Age
18:17 Padded Archer Armor
19:13 Crossbowman
20:12 Bow Saw
24:13 Thumb Ring
25:35 Horse Collar
27:16 Medium Warships
28:37 Ballistics
29:11 Bodkin Arrow
34:34 Leather Archer Armor
34:53 Masonry
38:59 Imperial Age
37:18 Hand Cart
39:26 Arbalester
41:12 Chemistry
40:45 Bracer
41:16 Ring Archer Armor
41:07 Heavy Plow
42:49 Siege Engineers
42:52 Heavy Scorpion
46:33 Torsion Engines
51:28 Caravan
66:51 Elite Skirmisher
70:37 Gold Mining
77:29 Gold Shaft Mining
Ibrahomovic
8:23 Loom
10:35 Feudal Age
11:56 Double-Bit Axe
15:17 Castle Age
15:13 Wheelbarrow
16:14 Horse Collar
18:52 Fletching
22:44 Heavy Plow
24:08 Bow Saw
24:09 Scale Mail Armor
24:33 Stone Mining
24:33 Gold Mining
25:52 Chain Mail Armor
26:15 Town Watch
26:47 Forging
27:16 Hand Cart
28:16 Iron Casting
32:18 Imperial Age
30:19 Squires
32:44 Town Patrol
33:23 Conscription
34:21 Two-Man Saw
34:58 Plate Mail Armor
34:33 Bodkin Arrow
34:15 Elite Hearth Troop
35:27 Elite Varangian Guard
35:32 Shield Wall
36:59 Crop Rotation
39:27 Bracer
44:18 Padded Archer Armor
45:51 Chemistry
45:11 Ballistics
45:02 Masonry
45:34 Capped Ram
47:20 Pikeman
49:09 Siege Ram
50:03 Heavy Mounted Crossbowman
50:39 Cranequins
55:05 Elite Skirmisher
62:42 Architecture
65:46 Halberdier
66:20 Siege Ram
69:06 Hoardings
69:40 Crossbowman
70:25 Thumb Ring
70:43 Arbalester
73:05 Siege Engineers
72:59 Murder Holes
72:45 Treadmill Crane
75:41 Leather Archer Armor
78:49 Ring Archer Armor
KiazTV
11:37 Feudal Age
10:26 Loom
15:41 Castle Age
14:35 Double-Bit Axe
16:31 Bow Saw
19:02 Scale Barding Armor
20:34 Horse Collar
23:05 Wheelbarrow
26:30 Forging
26:45 Hand Cart
28:01 Chain Barding Armor
27:53 Bloodlines
29:33 Husbandry
31:07 Iron Casting
31:26 Stone Mining
31:29 Gold Mining
31:48 Light Cavalry
35:41 Imperial Age
36:35 Stone Shaft Mining
36:42 Plate Barding Armor
37:08 Blast Furnace
35:33 Cavalier
38:18 Gold Shaft Mining
37:21 Savar
37:22 Hussar
41:22 Caravan
44:05 Conscription
75:03 Hoardings
Mädi
4:56 Loom
11:40 Feudal Age
11:47 Feudal Age
15:27 Castle Age
13:30 Double-Bit Axe
16:25 Bow Saw
16:59 Stone Mining
24:56 Horse Collar
27:35 Wheelbarrow
28:37 Heavy Plow
28:30 Gold Mining
31:08 Gold Shaft Mining
33:37 Stone Mining
34:23 Husbandry
40:17 Imperial Age
38:26 Hand Cart
37:59 Town Watch
39:41 Forging
41:32 Iron Casting
43:07 Fletching
43:19 Scale Mail Armor
46:51 Elite Gbeto
47:29 Heavy Camel Rider
48:24 Scale Barding Armor
49:23 Bloodlines
50:04 Chain Barding Armor
50:54 Chain Mail Armor
52:22 Chemistry
51:43 Ballistics
53:47 Plate Barding Armor
53:08 Bodkin Arrow
53:27 Padded Archer Armor
52:50 Elite Skirmisher
53:36 Thumb Ring
58:27 Fortified Wall
58:47 Farimba
59:00 Light Cavalry
60:42 Leather Archer Armor
61:45 Masonry
61:42 Cavalier
64:28 Ring Archer Armor
64:30 Conscription
64:13 Tigui
74:24 Caravan
Connection lost

Rejoining the realm…

Still unreachable

The connection could not be restored.

Session expired

The server has moved on; the page needs a fresh start.